 Dungeon Crawl Stone Soup version 0.25-a0-62-g88673ef095 (webtiles) character file.

Game seed: 1841190423122642951, levelgen mode: deterministic

548826 iamserjio the Slayer (level 26, -13/205 HPs)
             Began as an Octopode Wanderer on Oct 30, 2019.
             Was an Initiate of Gozag.
             Mangled by a wandering mushroom (16 damage)
             ... summoned by a curse toe
             ... on level 2 of the Realm of Zot.
             The game lasted 02:12:50 (83996 turns).

iamserjio the Slayer (Octopode Wanderer)           Turns: 83996, Time: 02:12:50

Health: -13/205    AC:  9    Str: 32    XL:     26   Next: 24%
Magic:  39/46      EV: 44    Int: 17    God:    Gozag
Gold:   18286      SH: 22    Dex: 22    Spells: 19/46 levels left

rFire    + . .     SeeInvis .   j - +9 double sword (freeze)
rCold    + + .     Gourm    .   E - +6 shield "Zitsemmu" {rPois}
rNeg     . . .     Faith    .   Q - +2 hat {Int+3}
rPois    +         Spirit   .   K - amulet of the Air {Inacc +Fly rElec EV+5 RMsl}
rElec    +         Reflect  .   d - ring "Uvunic" {+Fly EV+4 Dex+6}
rCorr    .         Harm     .   V - ring of Wu Jian's Envy {rF+ Str+2 Dex+2 Slay+2}
MR       +++..                  t - +5 ring of evasion
Stlth    +++.......             o - +5 ring of strength
HPRegen  0.44/turn              F - +5 ring of strength
MPRegen  0.30/turn              W - ring of protection from magic
                                y - ring "Tiyjoysk" {rElec MP+9 Str+3}
                                N - ring "Luinwag" {rPois rC++ MR+ AC+6}

@: gold aura, repel missiles
A: almost no armour, stealthy swim, amphibious, 8 rings, constrict 8, camouflage
1, clumsy 1, dopey 1, screaming 1, gelatinous body 1
}: 3/15 runes: serpentine, barnacled, abyssal
a: Potion Petition, Call Merchant, Bribe Branch, Renounce Religion, Evoke Flight


You were on level 2 of the Realm of Zot.
You worshipped Gozag.
Gozag was extremely pleased with you.
You were not hungry.

You visited 9 branches of the dungeon, and saw 45 of its levels.
You visited the Abyss 1 time.
You also visited: Trove, Ossuary and Ice Cave.

You collected 27474 gold pieces.
You spent 8640 gold pieces at shops.
You paid 548 gold pieces to Gozag.

Inventory:

Hand Weapons
 j - a +9 double sword of freezing (weapon)
 X - the +7 morningstar of Chagrin {antimagic, +Blink +Inv MR++ Str-5}
   (You took it off a deep elf sorcerer on level 3 of the Elven Halls)

   It reduces the magical energy of the wielder, and disrupts the spells and
   magical abilities of those hit.
   Natural abilities and divine invocations are not affected.
   It affects your strength (-5).
   It affects your resistance to hostile enchantments.
   It lets you turn invisible.
   It lets you blink.
Missiles
 G - 19 throwing nets (quivered) {!f}
Armour
 E - the +6 shield "Zitsemmu" (worn) {rPois}
   (You took it off a gnoll sergeant on level 5 of the Dungeon)

   It protects you from poison.
 Q - a +2 hat of intelligence (worn)
Jewellery
 a - the ring "Quof" {rPois rF+}
   (You found it in a treasure trove)

   [ring of protection from fire]

   It protects you from fire.
   It protects you from poison.
 c - the amulet "Tegijel" {*Corrode *Slow +Rage rF+++ rN+}
   (You found it in a treasure trove)

   [amulet of rage]

   It renders you almost immune to fire.
   It protects you from negative energy.
   It lets you go berserk.
   It may corrode you when you take damage.
   It may slow you when you take damage.
 d - the ring "Uvunic" (left tentacle) {+Fly EV+4 Dex+6}
   (You found it in a treasure trove)

   [ring of evasion]

   It affects your evasion (+4).
   It affects your dexterity (+6).
   It lets you fly.
 e - an uncursed ring of resist corrosion
 o - a +5 ring of strength (on tentacle)
 p - the ring of Yfeoh {rPois rN++ Str+3 Int+3 Dex-3}
   (You found it in a treasure trove)

   [ring of intelligence]

   It affects your strength (+3).
   It affects your intelligence (+3).
   It affects your dexterity (-3).
   It protects you from poison.
   It greatly protects you from negative energy.
 t - a +5 ring of evasion (on tentacle)
 v - the ring of Pocis {+Fly rF+}
   (You found it in a treasure trove)

   [ring of flight]

   It protects you from fire.
   It lets you fly.
 w - an uncursed ring of see invisible
 y - the ring "Tiyjoysk" (on tentacle) {rElec MP+9 Str+3}
   (You found it in a treasure trove)

   [ring of magical power]

   It affects your strength (+3).
   It insulates you from electricity.
   It affects your magic capacity (+9).
 F - a +5 ring of strength (on tentacle)
 K - the amulet of the Air (around mantle) {Inacc +Fly rElec EV+5 RMsl}
   (You found it on level 5 of the Dungeon)

   [amulet of inaccuracy]

   It reduces the accuracy of all your attacks.
   It affects your evasion (+5).
   It insulates you from electricity.
   It lets you fly.
   It protects you from missiles.
 N - the ring "Luinwag" (on tentacle) {rPois rC++ MR+ AC+6}
   (You found it in a treasure trove)

   [ring of protection]

   It affects your AC (+6).
   It greatly protects you from cold.
   It protects you from poison.
   It affects your resistance to hostile enchantments.
 O - an uncursed ring of protection from magic
 V - the ring of Wu Jian's Envy (right tentacle) {rF+ Str+2 Dex+2 Slay+2}
   (You bought it in a shop on level 7 of the Dungeon)

   [ring of slaying]

   It affects your strength (+2).
   It affects your dexterity (+2).
   It affects your accuracy and damage with ranged weapons and melee attacks
   (+2).
   It protects you from fire.
 W - a ring of protection from magic (on tentacle)
Wands
 M - a wand of acid (62)
 S - a wand of enslavement (5)
 T - a wand of iceblast (10)
 U - a wand of paralysis (22)
 Y - a wand of digging (21)
 Z - a wand of scattershot (19)
Scrolls
 b - 11 scrolls of teleportation {@r3}
 g - 8 scrolls of blinking
 i - 2 scrolls of summoning
 n - 7 scrolls of magic mapping
 s - 7 scrolls of fear
 J - a scroll of silence
 P - 3 scrolls of fog
Potions
 h - 7 potions of brilliance
 k - 4 potions of haste
 l - 3 potions of resistance
 m - 4 potions of cancellation
 q - a potion of ambrosia
 u - 6 potions of mutation
 z - 16 potions of curing {@q1}
 A - 3 potions of might
 B - 8 potions of heal wounds
 C - 2 potions of magic
 D - 8 potions of agility
 R - 3 potions of invisibility
Miscellaneous
 r - 3 boxes of beasts
 x - a fan of gales
 H - a lamp of fire
 I - 2 sacks of spiders
 L - a phial of floods
Comestibles
 f - 27 rations


   Skills:
 + Level 23.1 Fighting
 + Level 16.6 Long Blades
 - Level 5.8(6.0) Maces & Flails
   Level 0.9(1.5) Polearms
   Level 2.0(4.2) Staves
 - Level 1.0 Throwing
 + Level 17.1 Dodging
 - Level 1.3 Stealth
 - Level 15.0 Shields
 + Level 10.9 Spellcasting
 - Level 12.0 Hexes
 - Level 6.0 Charms
 - Level 14.0 Summonings
 - Level 4.0 Necromancy
 - Level 3.0 Translocations
 * Level 15.2 Evocations


You had 19 spell levels left.
You knew the following spells:

 Your Spells              Type           Power        Failure   Level  Hunger
a - Regeneration          Chrm/Necr      ####......   3%          3    None
b - Summon Butterflies    Summ           ######..     1%          1    None
c - Summon Lightning Spi  Summ/Air       ####....     4%          4    ###....
d - Blink                 Tloc           N/A          3%          2    None
e - Summon Mana Viper     Hex/Summ       ######..     1%          5    #####..
f - Dispel Undead         Necr           ###.....     38%         5    #####..
g - Summon Hydra          Summ           ######....   22%         7    #######

Your spell library contained the following spells:

 Spells                   Type           Power        Failure   Level  Hunger
 Animate Skeleton         Necr           N/A          1%          1    None
 Corona                   Hex            ######.      1%          1    None
 Infusion                 Chrm           ####         1%          1    None
 Pain                     Necr           ###.         1%          1    None
 Summon Small Mammal      Summ           ####         1%          1    None
 Call Imp                 Summ           ######..     1%          2    None
 Ensorcelled Hibernation  Hex/Ice        ####..       1%          2    None
 Shroud of Golubria       Chrm/Tloc      ###...       1%          2    None
 Slow                     Hex            ######..     1%          2    None
 Song of Slaying          Chrm           ####....     1%          2    None
 Call Canine Familiar     Summ           ######..     1%          3    None
 Confuse                  Hex            ######..     1%          3    None
 Dazzling Spray           Conj/Hex       ####..       1%          3    None
 Inner Flame              Hex/Fire       ####....     1%          3    None
 Spectral Weapon          Hex/Chrm       #####...     1%          3    None
 Summon Guardian Golem    Hex/Summ       ######..     1%          3    None
 Tukima's Dance           Hex            ######..     1%          3    None
 Cause Fear               Hex            ######....   1%          4    ###....
 Corpse Rot               Necr           N/A          2%          2    None
 Sublimation of Blood     Necr           ###.......   2%          2    None
 Vampiric Draining        Necr           ###.......   4%          3    None
 Summon Ice Beast         Ice/Summ       ####....     4%          4    ###....
 Fulminant Prism          Conj/Hex       ####......   7%          4    ###....
 Leda's Liquefaction      Hex/Erth       ####......   7%          4    ###....
 Beastly Appendage        Tmut           #.....       8%          1    None
 Flame Tongue             Conj/Fire      #....        8%          1    None
 Magic Dart               Conj           #...         8%          1    None
 Sting                    Conj/Pois      #...         8%          1    None
 Poisonous Vapours        Pois/Air       #.....       12%         2    None
 Searing Ray              Conj           #.....       12%         2    None
 Sticks to Snakes         Tmut           #.......     12%         2    None
 Throw Flame              Conj/Fire      #.....       12%         2    None
 Animate Dead             Necr           N/A          14%         4    ###....
 Metabolic Englaciation   Hex/Ice        ####......   19%         5    #####..
 Conjure Flame            Conj/Fire      #.......     24%         3    None
 Ignite Poison            Fire/Tmut/Pois #.......     24%         3    None
 Mephitic Cloud           Conj/Pois/Air  #.......     24%         3    None
 Spider Form              Tmut/Pois      #.........   24%         3    None
 Excruciating Wounds      Chrm/Necr      ####......   26%         5    #####..
 Force Lance              Conj/Tloc      ##......     38%         4    ###....
 Agony                    Necr           ###.....     38%         5    #####..
 Ice Form                 Ice/Tmut       #.......     61%         4    ###....
 Iskenderun's Mystic Bla  Conj           #.......     61%         4    ###....
 Olgreb's Toxic Radiance  Pois           #.......     61%         4    ###....
 Sticky Flame             Conj/Fire      #.......     61%         4    ###....
 Bolt of Draining         Conj/Necr      ###.......   67%         5    #####..
 Haunt                    Necr/Summ      #####.....   85%         7    #######
 Blade Hands              Tmut           #.........   91%         5    #####..
 Bolt of Magma            Conj/Fire/Erth #.........   91%         5    #####..
 Fireball                 Conj/Fire      #.........   91%         5    #####..
 Venom Bolt               Conj/Pois      #.........   91%         5    #####..
 Simulacrum               Ice/Necr       ###.......   99%         6    ######.
 Bolt of Cold             Conj/Ice       #.........   100%        6    ######.
 Bolt of Fire             Conj/Fire      #.........   100%        6    ######.
 Freezing Cloud           Conj/Ice/Air   #.........   100%        6    ######.
 Iron Shot                Conj/Erth      #.........   100%        6    ######.
 Ozocubu's Refrigeration  Ice            #.........   100%        6    ######.
 Statue Form              Tmut/Erth      #........    100%        6    ######.
 Dragon Form              Tmut           #.........   100%        7    #######
 Ring of Flames           Chrm/Fire      ###.......   100%        7    #######
 Borgnjor's Revivificati  Necr           ###.......   100%        8    #######
 Death's Door             Chrm/Necr      ####......   100%        8    #######
 Ignition                 Fire           #.........   100%        8    #######
 Infestation              Necr           ###.......   100%        8    #######
 Necromutation            Tmut/Necr      ###.......   100%        8    #######
 Dragon's Call            Summ           ######....   100%        9    #######
 Shatter                  Erth           #.........   100%        9    #######


Dungeon Overview and Level Annotations

Branches:
Dungeon (15/15)            Temple (0/1) D:6            Lair (6/6) D:10
 Shoals (4/4) Lair:3        Snake (4/4) Lair:4        Slime (0/5) Lair:5
    Orc (2/2) D:11            Elf (3/3) Orc:2        Vaults (4/5) D:14
  Crypt (0/3) Vaults:2     Depths (5/5) D:15            Zot (2/5) Depths:5
Ossuary (visited)           IceCv (visited)

Altars:
Ashenzari
Cheibriados
Dithmenos
Gozag
Kikubaaqudgha
Makhleb
Nemelex Xobeh
Okawaru
Qazlal
Trog
Wu Jian
Yredelemnul
Beogh

Shops:
D:6 *   D:7 *   D:9 (   Orc:2 [(?:   Elf:2 :   Elf:3 [   Snake:1 (
Snake:2 (*?   Vaults:1 [   Vaults:2 (   Vaults:3 }:   Depths:2 }==

Portals:
Hell: Lair:6 Depths:1 Depths:2 Depths:3 Depths:4 Depths:5
Abyss: Depths:1 Depths:4
Pandemonium: Depths:2 Depths:3 Depths:5
Ziggurat: Depths:5

Annotations:
Snake:3 Roxanne
Orc:2 Zetait's ghost, journeyman MiBe
Elf:1 exclusion: orange crystal statue
Vaults:4 3 runed translucent doors, Isedumueph's ghost, veteran HuFi; Waros's ghost, veteran GrEE


Innate Abilities, Weirdness & Mutations

You cannot wear most types of armour.
You are very stealthy in the water. (Stealth+)
You are amphibious.
You can wear up to eight rings at the same time.
You can use your tentacles to constrict eight enemies at once.
Your skin changes colour to match your surroundings (Stealth+).
Your rubbery body absorbs attacks. (AC +1, EV +1)
You are clumsy. (Dex -2)
You are dopey. (Int -2)
You occasionally shout uncontrollably at your foes.


Message History

The wandering mushroom completely misses you.
You riposte.
You slash the wandering mushroom! You freeze the wandering mushroom.
You grab the wandering mushroom. You squeeze the wandering mushroom!
The deathcap draws from the surrounding life force!
* * * LOW HITPOINT WARNING * * *
Your mana viper is drained of life.
Your mana viper dies!
You block the electric golem's attack.
The electric golem completely misses you.
You block the electric golem's attack. The electric golem hits you!
* * * LOW HITPOINT WARNING * * *
A green draconian comes into view. It is wielding a +0 trident.
The wandering mushroom completely misses you.
You riposte.
You slash the wandering mushroom! You freeze the wandering mushroom.
You grab the wandering mushroom. You squeeze the wandering mushroom.
The wandering mushroom releases spores at you!
You die...
Your body crumbles into a pile of gold.

..°........##*,,,,....,,**
............##*,,.......,**
.............##*○.......,,**
##******#.....###.......,,,** .#
##...............,,,,** .#
##.....§.§........,,,,,**
.######......§f§§§f.....,,,,,,**
..............§f§z§.....,,,,,,,**
.............§§f@8§.....,,,,,,,,*
..............§ff§S.....,,,,,,,,,
.##.#######..§§d§§§.../.,,,,,,,,,
......,,......§§§§§.....,,,,,,,,,
#.##.....!........§.....,,,,***,,
....................§...,,,***,,,
............>#..........,,***,,,*
.,...,,.....###.........,***,,,**
,,,,****####**..........***,,,**


You could see an electric golem, a green draconian, a curse toe, 2 deathcaps, 4
wandering mushrooms and a friendly mana viper.

Vanquished Creatures
  An orb of fire (Zot:1)
  Mara (Depths:1)
  A juggernaut (Depths:3)
  Bai Suzhen (Shoals:3)
  Margery (Depths:3)
  Saint Roka (Depths:1)
  A curse toe (Zot:1)
  Xtahua (Depths:3)
  2 caustic shrikes (Depths:2)
  3 golden dragons
  Jory (Depths:3)
  5 tentacled monstrosities
  3 liches
  Jorgrun (Snake:1)
  3 deep elf blademasters
  2 deep elf master archers (Elf:3)
  A quicksilver dragon (Zot:1)
  A kraken (Shoals:4)
  Asterion (Snake:2)
  6 sphinxes
  2 tentacled starspawn (Abyss:2)
  2 death cobs (Zot:1)
  6 storm dragons
  Kirke (Snake:2)
  4 tengu reavers
  3 fire giants
  3 draconian monks
  7 nagarajas
  8 frost giants
  8 vault wardens
  Ilsuiw (Shoals:4)
  7 shadow dragons
  Aizul (Snake:3)
  3 draconian scorchers (Zot:1)
  12 deep elf sorcerers
  An orc warlord (Orc:2)
  2 draconian knights (Zot:1)
  2 deep elf elementalists (Elf:3)
  2 draconian stormcallers (Depths:5)
  A draconian shifter (Depths:5)
  3 spriggan defenders
  3 draconian annihilators (Zot:1)
  A reaper (Depths:3)
  2 war gargoyles (Vaults:1)
  16 ironheart preservers
  12 very ugly things
  9 stone giants
  A green draconian (Depths:5)
  Azrael (Elf:1)
  7 deep elf demonologists
  2 entropy weavers
  2 vampire knights (Depths:2)
  A black draconian (Zot:1)
  7 deep elf annihilators
  A yellow draconian (Depths:5)
  7 spark wasps
  Snorg (Lair:5)
  3 red draconians
  4 white draconians (Zot:1)
  5 purple draconians
  The ghost of Kaimiung the Tainted, a journeyman MiFi of Yredelemnul (Lair:4)
  6 merfolk javelineers
  2 dire elephants (Depths:4)
  9 ettins
  The ghost of bmj180 the Geomancer, a journeyman GrEE of Sif Muna (Lair:3)
  9 deep elf death magi
  10 fire dragons
  A blizzard demon (Depths:5)
  3 deep elf high priests
  6 great orbs of eyes
  3 jiangshi
  7 yaktaur captains
  A great orb of eyes (shapeshifter) (Elf:3)
  6 merfolk impalers
  12 naga warriors
  Harold (D:11)
  7 ice dragons
  4 vault guards (Vaults:3)
  2 monstrous demonspawn (Depths:3)
  7 hydras
  9 rakshasas
  3 spriggan air magi
  4 merfolk avatars
  6 merfolk aquamancers
  The ghost of Ideim the Carver, a journeyman DsGl of Hepliaklqana (Orc:1)
  2 catoblepae (Lair:6)
  2 death knights
  5 centaur warriors
  18 anacondas
  64 two-headed ogres
  7 deep troll shamans
  3 tengu warriors
  A satyr (shapeshifter) (Depths:4)
  11 death yaks
  A satyr (Shoals:4)
  3 orc high priests
  7 deep troll earth magi
  21 ogre magi
  10 spriggan berserkers
  12 naga sharpshooters
  The ghost of emiel the Cleaver, a novice DsFi of Okawaru (D:10)
  2 vampire magi (Depths:3)
  11 shock serpents
  5 thrashing horrors
  3 soul eaters (Depths:1)
  A large abomination (Abyss:2)
  28 deep elf knights
  4 sun demons
  10 hell knights (Depths:3)
  A spark wasp zombie (Depths:4)
  8 salamander mystics
  8 skeletal warriors
  2 spatial maelstroms
  2 shadow wraiths
  2 iron trolls (Depths:5)
  A sixfirhy (Lair:6)
  An orange crystal statue (Vaults:3)
  A death drake (shapeshifter) (Depths:3)
  2 unseen horrors
  2 glowing orange brains
  2 spriggan druids (Depths:4)
  23 deep trolls
  A shadow demon (Depths:1)
  4 naga ritualists
  9 sea snakes
  17 ironbrand convokers
  16 deep elf archers
  2 phantasmal warriors
  33 harpies
  5 lindwurms
  5 wizards
  An obsidian statue (Depths:1)
  A swamp dragon (shapeshifter) (Depths:2)
  5 oklob plants
  35 ugly things
  Pikel (D:5)
  13 mana vipers
  An orb spider (D:15)
  A tengu zombie (Depths:4)
  6 necromancers
  63 deep elf magi
  5 wolf spiders
  A wolf spider (shapeshifter) (Depths:2)
  11 orc knights
  A shadow dragon skeleton (Depths:4)
  2 wolf spider zombies
  12 manticores
  24 fauns
  4 orc sorcerers
  8 salamanders
  6 moths of wrath
  3 elephants (Lair:6)
  The ghost of OneStupidFool the Covert, a novice OpAs of Hepliaklqana (D:6)
  11 cyclopes
  A fire giant skeleton (Depths:4)
  14 vault sentinels
  Maurice (D:11)
  8 guardian serpents
  A human skeleton (Vaults:1)
  9 merfolk sirens
  29 black mambas
  A rust devil (Depths:1)
  8 water nymphs
  2 ice statues (IceCv)
  26 naga magi
  3 smoke demons
  The ghost of skk the Shield-Bearer, a novice DsFi (D:5)
  A torpor snail (shapeshifter) (Depths:4)
  A torpor snail (Lair:5)
  2 gargoyles
  4 orange demons
  7 rime drakes
  8 spiny frogs
  A kobold demonologist (D:12)
  25 yaktaurs
  11 komodo dragons
  A yaktaur (shapeshifter) (Vaults:1)
  A redback zombie (D:15)
  4 freezing wraiths
  2 efreet (D:15)
  A komodo dragon (shapeshifter) (Depths:5)
  2 tengu conjurers
  A demonic crawler (Abyss:2)
  5 ice devils
  An ancient zyme (Abyss:4)
  5 red devils
  4 polar bears
  2 queen bees
  7 trolls
  7 meliai
  A harpy skeleton (D:15)
  4 wind drakes
  31 merfolk
  A jumping spider (Vaults:3)
  17 hornets
  2 hornets (shapeshifter)
  Prince Ribbit (D:8)
  3 dream sheep (Shoals:4)
  7 slime creatures
  A hippogriff (shapeshifter) (Depths:3)
  9 snapping turtles
  15 blink frogs
  12 hippogriffs
  A slime creature (shapeshifter) (Elf:2)
  An ettin zombie (Vaults:1)
  A redback (Depths:4)
  4 air elementals
  29 yaks
  23 water elementals
  A tarantella (shapeshifter) (Vaults:3)
  A centaur simulacrum (D:15)
  11 spriggans
  2 vampires (D:15)
  A ynoxinul (Abyss:2)
  4 wyverns
  A shadow (D:14)
  6 fire elementals
  A golden eye (shapeshifter) (Depths:3)
  2 wraiths
  2 hungry ghosts
  2 basilisks (Lair:1)
  3 neqoxecs
  2 steam dragons (D:9)
  5 hogs (Snake:2)
  An emperor scorpion simulacrum (Abyss:3)
  A spatial vortex (Abyss:4)
  39 nagas
  2 acid dragons (Vaults:2)
  9 wargs
  A soldier ant (shapeshifter) (Elf:3)
  3 porcupines
  10 water moccasins
  A black bear (D:12)
  2 sky beasts
  An eye of draining (D:15)
  11 hell hounds
  An ogre skeleton (Vaults:1)
  44 orc warriors
  7 ice beasts
  A black bear (shapeshifter) (Elf:2)
  A slave (D:5)
  An ettin simulacrum (Vaults:2)
  2 phantoms
  57 ogres
  An eye of draining (shapeshifter) (D:5)
  4 starcursed masses (Abyss:2)
  8 boggarts
  A wolf (shapeshifter) (Vaults:4)
  20 centaurs
  12 crocodiles
  2 elf zombies (D:9)
  3 big kobolds
  12 bullfrogs
  A gnoll sergeant (D:5)
  4 earth elementals
  43 killer bees
  A scorpion (D:9)
  3 small abominations
  A human simulacrum (Vaults:3)
  8 wights
  17 electric eels
  4 howler monkeys (D:8)
  2 quasits
  2 centaur zombies
  6 bullfrog zombies
  18 crimson imps
  24 orc priests
  4 hounds
  3 human zombies
  15 jellies
  A gnoll shaman (D:5)
  A bullfrog skeleton (D:11)
  5 centaur skeletons
  5 iron imps
  Crazy Yiuf (D:2)
  Terence (D:2)
  7 iguanas
  23 orc wizards
  9 worker ants
  7 hell rats (Lair:4)
  A killer bee simulacrum (D:8)
  4 mummies
  A worker ant zombie (D:7)
  Robin (D:1)
  8 gnolls
  A howler monkey skeleton (D:7)
  6 adders
  A hound simulacrum (D:8)
  6 shadow imps
  7 white imps
  A worker ant simulacrum (D:8)
  5 ufetubi
  An ooze (Lair:5)
  An adder zombie (D:1)
  An adder skeleton (D:2)
  3 worms
  5 leopard geckos
  124 orcs
  2 ball pythons
  11 bats
  A bat zombie (D:1)
  4 giant cockroaches
  18 goblins
  8 hobgoblins
  9 jackals
  5 quokkas
  2 frilled lizards
  5 gnoll skeletons (Ossuary)
  A hobgoblin zombie (D:5)
  12 kobolds
  8 kobold skeletons (Ossuary)
  A leopard gecko zombie (D:7)
  11 orc skeletons (Ossuary)
  2 orc zombies (D:9)
  A quokka skeleton (D:4)
  11 rats
  A lurking horror (Abyss:2)
  4 plants
  A starspawn tentacle (Abyss:2)
  4 tentacles (Shoals:4)
2104 creatures vanquished.

Vanquished Creatures (others)
  Donald (Shoals:3)
  A deep elf elementalist (Elf:3)
  An anaconda (Depths:4)
  A deep troll earth mage (Depths:5)
  26 dancing weapons
  An ugly thing (D:15)
  A freezing wraith (Vaults:4)
  3 blink frogs (Lair:6)
  2 slaves (D:5)
  A worker ant (D:5)
  A goblin zombie (D:5)
  4 bushes (Depths:4)
  12 fungi
  68 plants
  5 starspawn tentacles
  4 tentacles (Shoals:4)
  6 withered plants
138 creatures vanquished.

Grand Total: 2242 creatures vanquished

Notes
Turn   | Place    | Note
-------+----------+-------------------------------------------
     0 | D:1      | iamserjio the Octopode Wanderer began the quest for the
                  | Orb.
     0 | D:1      | iamserjio set off with the following items: a +2
                  | quarterstaff, a scroll of teleportation {@r3}, 12 poisoned
                  | darts, a +0 dagger, a ration
     0 | D:1      | Reached XP level 1. HP: 16/16 MP: 1/1
   142 | D:1      | Reached XP level 2. HP: 18/21 MP: 2/2
   631 | D:1      | Reached XP level 3. HP: 26/26 MP: 3/3
  1210 | D:2      | Found an opulent altar of Gozag.
  1235 | D:2      | Became a worshipper of Gozag Ym Sagoz the Greedy
  1374 | D:2      | Noticed Robin
  1393 | D:1      | Killed Robin
  1393 | D:1      | Reached XP level 4. HP: 5/33 MP: 4/4
  1883 | D:2      | Found a runed translucent door.
  1884 | D:2      | Noticed Crazy Yiuf
  2000 | D:2      | Reached skill level 4 in Fighting
  2371 | D:2      | Reached XP level 5. HP: 29/37 MP: 5/5
  2873 | D:2      | Noticed Terence
  2906 | D:2      | Killed Terence
  3202 | D:2      | Killed Crazy Yiuf
  3719 | D:3      | Reached XP level 6. HP: 26/45 MP: 6/6
  4011 | D:3      | Reached skill level 5 in Fighting
  4155 | D:4      | Noticed a phantom
  4879 | D:4      | Reached skill level 5 in Dodging
  4941 | D:4      | Reached XP level 7. HP: 37/51 MP: 7/7
  5159 | D:4      | Reached skill level 6 in Fighting
  5922 | D:5      | Entered Level 5 of the Dungeon
  5940 | D:5      | Noticed Pikel
  5952 | D:5      | Killed Pikel
  5952 | D:5      | Reached skill level 7 in Fighting
  5952 | D:5      | Reached XP level 8. HP: 9/60 MP: 8/8
  6069 | D:5      | Found a sand-covered staircase.
  6076 | Ossuary  | Entered an ossuary
  6076 | Ossuary  | Noticed a wraith
  6076 | Ossuary  | Noticed a wraith
  6076 | Ossuary  | Noticed a wraith
  6294 | Ossuary  | Noticed a wraith
  6387 | Ossuary  | Killed a wraith
  6911 | D:5      | Found a transporter.
  6912 | D:5      | Found a transporter.
  6961 | D:5      | Identified the +6 shield "Zitsemmu" {rPois}
  7001 | D:5      | Found the amulet of the Air {Inacc +Fly rElec EV+5 RMsl}
  7036 | D:5      | Noticed skk's ghost (novice DsFi)
  7200 | D:5      | Reached skill level 8 in Fighting
  7209 | D:5      | Noticed a shapeshifter
  7209 | D:5      | a gnoll sergeant changed into a shapeshifter
  7209 | D:5      | a shapeshifter changed into an eye of draining
  7624 | D:5      | HP: 2/62 [ogre/+0 giant club (20)]
  7636 | D:5      | Reached XP level 9. HP: 5/67 MP: 9/9
  8069 | D:6      | Found a staircase to the Ecumenical Temple.
  8072 | D:6      | Reached skill level 1 in Shields
  8083 | D:6      | Reached skill level 1 in Maces & Flails
  8366 | D:6      | Found a stormy altar of Qazlal.
  8366 | D:6      | Found a bloodstained altar of Trog.
  8368 | D:6      | Found a sparkling altar of Nemelex Xobeh.
  8644 | D:6      | Found a runed translucent door.
  8644 | D:6      | Noticed OneStupidFool's ghost (novice OpAs)
  9260 | D:7      | Found Fyvol's General Store.
  9268 | D:7      | Bought a potion of lignification for 45 gold pieces
  9268 | D:7      | Bought a potion of degeneration for 15 gold pieces
  9268 | D:7      | Bought a scroll of identify for 30 gold pieces
  9268 | D:7      | Bought a wand of disintegration (8) for 180 gold pieces
  9268 | D:7      | Bought the ring of Wu Jian's Envy {rF+ Str+2 Dex+2 Slay+2}
                  | for 651 gold pieces
  9834 | D:7      | Reached skill level 9 in Fighting
 10517 | D:8      | Reached XP level 10. HP: 74/74 MP: 12/12
 10670 | D:8      | Found an ornate altar of the Wu Jian Council.
 10755 | D:8      | Reached skill level 5 in Shields
 10767 | D:8      | Reached skill level 5 in Maces & Flails
 10822 | D:8      | Noticed Prince Ribbit
 10828 | D:8      | Killed Prince Ribbit
 11713 | D:9      | Found a shadowy altar of Dithmenos.
 11936 | D:9      | Found Vosaam's Weapon Shoppe.
 12134 | D:9      | Bought a +2 scimitar of electrocution for 242 gold pieces
 12272 | D:9      | Found an ancient bone altar of Kikubaaqudgha.
 12537 | D:10     | Entered Level 10 of the Dungeon
 12547 | D:10     | Found a staircase to the Lair.
 12547 | D:10     | Noticed an oklob plant
 12553 | D:10     | Identified the +10 great mace "Otwuh" {holy, +Inv rF+
                  | Int+3}
 12553 | D:10     | Noticed a two-headed ogre
 12553 | D:10     | Noticed emiel's ghost (novice DsFi)
 12554 | D:10     | Found a transporter.
 12554 | D:10     | Noticed a two-headed ogre
 12563 | D:10     | Found a transporter.
 12589 | D:10     | Reached skill level 10 in Fighting
 12970 | D:10     | Reached XP level 11. HP: 73/81 MP: 14/14
 13034 | D:10     | Noticed a two-headed ogre
 13043 | D:10     | Killed a two-headed ogre
 13043 | D:10     | Reached skill level 5 in Evocations
 13664 | D:11     | Noticed a cyclops
 13666 | D:11     | Noticed a two-headed ogre
 13672 | D:11     | Killed a cyclops
 13679 | D:11     | Killed a two-headed ogre
 13738 | D:11     | Reached skill level 5 in Long Blades
 13906 | D:11     | Noticed Harold
 13914 | D:11     | Killed Harold
 14231 | D:11     | Reached skill level 11 in Fighting
 14815 | D:11     | Found a staircase to the Orcish Mines.
 14815 | D:11     | Noticed Maurice
 14817 | D:11     | Noticed a purple ugly thing
 14821 | D:11     | Killed Maurice
 14831 | D:11     | Killed a purple ugly thing
 15267 | D:12     | Noticed a cyclops
 15287 | D:12     | Killed a cyclops
 15300 | D:12     | Found a frozen archway.
 15341 | IceCv    | Entered an ice cave
 15341 | IceCv    | Noticed a white ugly thing
 15357 | IceCv    | Killed a white ugly thing
 15457 | IceCv    | Found a transporter.
 15483 | IceCv    | Noticed a white ugly thing
 15485 | IceCv    | Found a transporter.
 15489 | IceCv    | Killed a white ugly thing
 15489 | IceCv    | Reached XP level 12. HP: 75/90 MP: 15/15
 15739 | D:12     | Noticed a two-headed ogre
 15747 | D:12     | Killed a two-headed ogre
 16481 | D:12     | Reached skill level 12 in Fighting
 18258 | D:13     | Reached skill level 10 in Long Blades
 18307 | D:13     | Noticed a centaur warrior
 18323 | D:13     | Killed a centaur warrior
 18837 | D:14     | Reached XP level 13. HP: 84/97 MP: 16/16
 18856 | D:14     | Reached skill level 10 in Shields
 19783 | D:14     | Found a gate to the Vaults.
 20212 | D:15     | Entered Level 15 of the Dungeon
 21204 | D:15     | Reached XP level 14. HP: 89/103 MP: 17/17
 21775 | D:15     | Found a staircase to the Depths.
 21780 | D:15     | Reached skill level 1 in Spellcasting
 22600 | D:6      | Killed OneStupidFool's ghost
 22633 | D:6      | Bought a scroll of enchant weapon for 105 gold pieces
 22786 | D:10     | Killed emiel's ghost
 22943 | D:5      | Found a transporter.
 22943 | D:5      | Found a transporter.
 23160 | D:5      | Killed skk's ghost
 23347 | D:7      | Bought a potion of haste for 150 gold pieces
 23347 | D:7      | Bought an uncursed ring of resist corrosion for 300 gold
                  | pieces
 23347 | D:7      | Bought a potion of ambrosia for 120 gold pieces
 23347 | D:7      | Bought a wand of acid (11) for 450 gold pieces
 23347 | D:7      | Bought 2 scrolls of enchant weapon for 225 gold pieces
 23478 | Orc:1    | Entered Level 1 of the Orcish Mines
 24026 | Orc:1    | Found a runed translucent gate.
 24027 | Orc:1    | Found a runed translucent gate.
 24028 | Orc:1    | Found a runed translucent gate.
 24029 | Orc:1    | Noticed Zetait's ghost (journeyman MiBe)
 24029 | Orc:1    | Noticed Ideim's ghost (journeyman DsGl)
 24194 | Orc:2    | Entered Level 2 of the Orcish Mines
 24428 | Orc:2    | Found a roughly hewn altar of Beogh.
 24438 | Orc:2    | Found Vetruypp's Magic Scroll Boutique.
 24445 | Orc:2    | Bought a scroll of teleportation for 45 gold pieces
 24445 | Orc:2    | Bought a scroll of identify for 30 gold pieces
 24445 | Orc:2    | Bought a scroll of identify for 30 gold pieces
 24445 | Orc:2    | Bought 2 scrolls of identify for 60 gold pieces
 24490 | Orc:2    | Found a roughly hewn altar of Beogh.
 24598 | Orc:2    | Found a roughly hewn altar of Beogh.
 24736 | Orc:2    | Reached skill level 13 in Fighting
 24746 | Orc:2    | Found a roughly hewn altar of Beogh.
 24881 | Orc:2    | Found a roughly hewn altar of Beogh.
 24899 | Orc:2    | Found Riaptih's Book Boutique.
 25071 | Orc:2    | Found a staircase to the Elven Halls.
 25303 | Orc:2    | Noticed an orc warlord
 25453 | Orc:2    | Killed an orc warlord
 25514 | Orc:2    | Found Reimmung's Antique Armour Shoppe.
 25718 | Orc:2    | Found a roughly hewn altar of Beogh.
 25738 | Orc:2    | Found Geson's Antique Weapon Emporium.
 26266 | Orc:1    | Killed Ideim's ghost
 26441 | Orc:1    | Identified Reibesia's Grimoire of Ignition
 26447 | Orc:1    | Learned a level 3 spell: Regeneration
 26659 | Lair:1   | Entered Level 1 of the Lair of Beasts
 26678 | Lair:1   | Reached XP level 15. HP: 111/111 MP: 19/21
 26995 | Lair:1   | Got a smoking lajatang
 27421 | Lair:2   | Got a transparent brass ring
 27486 | Lair:2   | Found the cursed necklace of Bloodlust {*Rage +Rage MR++
                  | Int-3 Slay+6 *Curse}
 28049 | Lair:3   | Found a shadowy altar of Dithmenos.
 28165 | Lair:3   | Found a staircase to the Shoals.
 28199 | Lair:3   | Found a transporter.
 28199 | Lair:3   | Found a transporter.
 28200 | Lair:3   | Noticed bmj180's ghost (journeyman GrEE)
 28677 | Shoals:1 | Entered Level 1 of the Shoals
 29306 | Lair:3   | Identified the +2 lajatang "Bucuo" {flame, *Slow rElec
                  | Dex+6} (You found it on level 1 of the Lair of Beasts)
 29308 | Lair:3   | Identified the ring "Eqotuo Kaeb" {Ice +Blink Str+2} (You
                  | found it on level 2 of the Lair of Beasts)
 29355 | Lair:4   | Reached skill level 5 in Spellcasting
 29408 | Lair:4   | Reached skill level 14 in Fighting
 29409 | Lair:4   | Found a transporter.
 29455 | Lair:4   | Found a transporter.
 29461 | Lair:4   | Noticed Kaimiung's ghost (journeyman MiFi)
 29583 | Lair:4   | Got a fine great mace
 30278 | Lair:4   | Found a staircase to the Snake Pit.
 30526 | Lair:5   | Noticed Snorg
 30547 | Lair:4   | Reached skill level 10 in Dodging
 30826 | Lair:5   | Found a staircase to the Slime Pits.
 31182 | Lair:5   | Killed Snorg
 31737 | Lair:6   | Entered Level 6 of the Lair of Beasts
 32248 | Lair:6   | Reached skill level 1 in Charms
 32248 | Lair:6   | Reached skill level 1 in Necromancy
 32520 | Lair:6   | Reached XP level 16. HP: 100/120 MP: 25/25
 33468 | Lair:6   | Found a burning altar of Makhleb.
 33492 | Lair:6   | Found a gateway to Hell.
 34073 | Lair:4   | Reached skill level 15 in Fighting
 34083 | Lair:4   | Killed Kaimiung's ghost
 34248 | Lair:3   | Learned a level 1 spell: Summon Butterflies
 34253 | Lair:3   | Learned a level 4 spell: Summon Lightning Spire
 34307 | Lair:3   | Killed bmj180's ghost
 35120 | Elf:1    | Entered Level 1 of the Elven Halls
 35300 | Elf:1    | Noticed Azrael
 35322 | Elf:1    | Killed Azrael
 35897 | Elf:1    | Reached skill level 5 in Charms
 37541 | Elf:2    | Found Sura's Book Shop.
 37774 | Elf:2    | Reached skill level 16 in Fighting
 37781 | Elf:2    | Reached XP level 17. HP: 129/129 MP: 26/28
 38179 | Elf:2    | Found a runed translucent gate.
 38180 | Elf:2    | Found a runed translucent gate.
 38327 | Elf:2    | Found a runed translucent gate.
 38775 | Orc:2    | Bought a book of Minor Magic for 240 gold pieces
 38778 | Orc:2    | Learned a level 2 spell: Blink
 38920 | Elf:3    | Entered Level 3 of the Elven Halls
 38940 | Elf:3    | Reached skill level 1 in Translocations
 40091 | Elf:3    | Found Qojicsud's Armour Emporium.
 40468 | Elf:3    | Reached skill level 17 in Fighting
 40585 | Elf:3    | Noticed a deep elf master archer
 40597 | Elf:3    | Killed a deep elf master archer
 40611 | Elf:3    | Noticed a deep elf master archer
 41152 | Elf:3    | Killed a deep elf master archer
 41300 | Elf:3    | Reached skill level 18 in Fighting
 41523 | Elf:3    | Identified the +7 morningstar of Chagrin {antimagic, +Blink
                  | +Inv MR++ Str-5}
 41627 | Elf:3    | Noticed a deep elf blademaster
 41646 | Elf:3    | Killed a deep elf blademaster
 41646 | Elf:3    | Reached XP level 18. HP: 110/141 MP: 30/30
 41761 | Elf:3    | Identified the ring "Byokli" {*Contam +Blink rN+ Stlth-}
 41793 | Elf:3    | Noticed a deep elf blademaster
 41806 | Elf:3    | Killed a deep elf blademaster
 42209 | Elf:3    | Identified the cursed +1 trident of Wounding {freeze, rC+
                  | Int+3 Dex+2}
 42228 | Elf:3    | Identified Deruciacil's Incunabulum of the Volcanoes and
                  | Unholy Arts
 42378 | Elf:3    | Found the +2 pair of boots of the Assassin {Detection Stab+
                  | Stlth++}
 42378 | Elf:3    | Found the +8 storm bow {elec, penet}
 42385 | Elf:3    | Found the +0 pair of fencer's gloves {Riposte Dex+3}
 42976 | Elf:3    | Found Qojicsud's Armour Emporium.
 43435 | Elf:2    | Noticed a deep elf blademaster
 43981 | Elf:2    | Killed a deep elf blademaster
 44241 | Elf:2    | Learned a level 5 spell: Summon Mana Viper
 44526 | Snake:1  | Entered Level 1 of the Snake Pit
 44534 | Snake:1  | Found Egrue's Weapon Emporium.
 45134 | Snake:1  | Noticed Jorgrun
 45137 | Snake:1  | Reached skill level 1 in Hexes
 45146 | Snake:1  | Killed Jorgrun
 45146 | Snake:1  | Reached skill level 1 in Summonings
 46840 | Snake:2  | Noticed Asterion
 46849 | Snake:2  | Killed Asterion
 47188 | Snake:2  | Noticed Kirke
 47198 | Snake:2  | Reached XP level 19. HP: 143/147 MP: 31/31
 47202 | Snake:2  | Killed Kirke
 47378 | Snake:2  | Found Kywk's Weapon Shop.
 47380 | Snake:2  | Found Epogughai's Assorted Antiques.
 47382 | Snake:2  | Found Xanig's Magic Scroll Shop.
 47388 | Snake:2  | Bought a scroll of teleportation for 84 gold pieces
 47388 | Snake:2  | Bought a blackened jasper amulet for 140 gold pieces
 47388 | Snake:2  | Bought a scroll of blinking for 210 gold pieces
 47426 | Snake:2  | Bought a scroll of fear for 63 gold pieces
 47426 | Snake:2  | Bought a scroll of magic mapping for 63 gold pieces
 47426 | Snake:2  | Bought a scroll of teleportation for 54 gold pieces
 47426 | Snake:2  | Bought a scroll of teleportation for 54 gold pieces
 47426 | Snake:2  | Bought a scroll of teleportation for 54 gold pieces
 47426 | Snake:2  | Bought a scroll of acquirement for 936 gold pieces
 47431 | Snake:2  | Identified the +3 demon whip of the Big Bang {freeze,
                  | Dex+2} (You acquired it on level 2 of the Snake Pit)
 48155 | Snake:3  | Noticed Aizul
 48362 | Snake:3  | Noticed Roxanne
 48588 | Snake:3  | Killed Aizul
 48852 | Snake:3  | HP: 10/222 [something (14)]
 48860 | Snake:4  | Entered Level 4 of the Snake Pit
 51112 | Snake:4  | Reached skill level 5 in Summonings
 51683 | Snake:4  | Reached skill level 15 in Shields
 51694 | Snake:4  | Reached skill level 19 in Fighting
 52703 | Snake:4  | Reached skill level 15 in Long Blades
 52771 | Snake:4  | Reached XP level 20. HP: 99/156 MP: 32/32
 53150 | Snake:4  | Got a serpentine rune of Zot
 54059 | Shoals:1 | Identified the ring "Coeposy" {rPois Str+4 Stlth+}
 56593 | Shoals:3 | Noticed Bai Suzhen
 56595 | Shoals:3 | Noticed Donald
 56603 | Shoals:3 | Killed Donald
 56607 | Shoals:3 | Killed Bai Suzhen
 56998 | Shoals:4 | Entered Level 4 of the Shoals
 57542 | Shoals:4 | Noticed Ilsuiw
 57567 | Shoals:4 | Killed Ilsuiw
 57592 | Shoals:4 | Reached skill level 20 in Fighting
 57965 | Shoals:4 | Got a barnacled rune of Zot
 58030 | Shoals:4 | Reached XP level 21. HP: 164/164 MP: 33/33
 58304 | Shoals:4 | Reached skill level 10 in Summonings
 58876 | Vaults:1 | Entered Level 1 of the Vaults
 59055 | Vaults:1 | Found Nufif's Armour Emporium.
 60069 | Vaults:1 | Found the +6 arbalest "Damnation" {damnation}
 60292 | Vaults:2 | Found Deddaps's Antique Weapon Boutique.
 61542 | Vaults:2 | Found a staircase to the Crypt.
 61542 | Vaults:2 | Found an ancient bone altar of Kikubaaqudgha.
 61543 | Vaults:2 | Found a basalt altar of Yredelemnul.
 61697 | Vaults:2 | Found a portal to a secret trove of treasure.
 61890 | Vaults:2 | Reached skill level 21 in Fighting
 63089 | Vaults:3 | Reached XP level 22. HP: 175/175 MP: 34/34
 63193 | Vaults:3 | Found Ruhuyck's Book Boutique.
 63602 | Vaults:3 | Reached skill level 22 in Fighting
 64059 | Vaults:3 | Found Neoco's Gadget Shoppe.
 64063 | Vaults:3 | Bought a wand of acid (10) for 532 gold pieces
 64063 | Vaults:3 | Bought a wand of paralysis (14) for 304 gold pieces
 64063 | Vaults:3 | Bought a wand of disintegration (12) for 304 gold pieces
 64063 | Vaults:3 | Bought a wand of digging (5) for 342 gold pieces
 64063 | Vaults:3 | Bought a wand of acid (9) for 494 gold pieces
 64694 | Vaults:3 | Learned a level 5 spell: Dispel Undead
 65460 | Vaults:4 | Reached skill level 5 in Hexes
 66233 | Vaults:4 | Found a runed translucent gate.
 66234 | Vaults:4 | Found a runed translucent gate.
 66234 | Vaults:4 | Found a runed translucent gate.
 66235 | Vaults:4 | Noticed Waros's ghost (veteran GrEE)
 66235 | Vaults:4 | Noticed Isedumueph's ghost (veteran HuFi)
 66235 | Vaults:4 | Noticed Waros's ghost (veteran GrEE)
 66821 | Vaults:4 | Reached XP level 23. HP: 166/182 MP: 34/36
 66865 | Vaults:4 | Got a sparkling platinum ring
 66879 | Vaults:4 | Identified the ring "Voddaw" {rPois Int+6 Dex+2} (You found
                  | it on level 4 of the Vaults)
 67588 | Depths:1 | Entered Level 1 of the Depths
 67783 | Depths:1 | Noticed Saint Roka
 68191 | Depths:1 | Noticed Mara
 68243 | Depths:1 | Noticed iamserjio's illusion
 68248 | Depths:1 | Killed Mara
 68674 | Depths:1 | Reached skill level 10 in Evocations
 69324 | Depths:1 | Found a one-way gate to the infinite horrors of the Abyss.
 69361 | Depths:1 | Found an iron altar of Okawaru.
 69407 | Depths:1 | Killed Saint Roka
 69863 | Depths:2 | Found a one-way gate leading to the halls of Pandemonium.
 70010 | Depths:2 | Found Soemya Raugh's Jewellery Shop.
 70011 | Depths:2 | Found Owkog's Gadget Shoppe.
 70012 | Depths:2 | Found Hagaguu's Jewellery Shop.
 70018 | Depths:2 | Bought a +5 ring of strength for 576 gold pieces
 70018 | Depths:2 | Bought an uncursed ring of see invisible for 210 gold
                  | pieces
 70020 | Depths:2 | Bought a wand of scattershot (4) for 336 gold pieces
 70020 | Depths:2 | Bought a wand of scattershot (5) for 378 gold pieces
 70020 | Depths:2 | Bought a wand of acid (7) for 308 gold pieces
 70020 | Depths:2 | Bought a box of beasts for 280 gold pieces
 70370 | Depths:2 | Noticed a golden dragon
 70403 | Depths:2 | Killed a golden dragon
 70810 | Depths:2 | Noticed a caustic shrike
 70826 | Depths:2 | Killed a caustic shrike
 70833 | Depths:2 | Found the +9 heavy crossbow "Sniper" {velocity, Acc+∞ SInv}
 70946 | Depths:2 | Noticed a caustic shrike
 70953 | Depths:2 | Killed a caustic shrike
 71182 | Depths:2 | Found a shattered altar of Ashenzari.
 71220 | Depths:2 | You fall into a shaft and drop 1 floor!
 71221 | Depths:3 | Noticed Xtahua
 71257 | Depths:3 | Noticed Jory
 71766 | Depths:3 | Reached skill level 15 in Dodging
 71790 | Depths:3 | Reached XP level 24. HP: 147/190 MP: 36/36
 72131 | Depths:3 | Noticed Margery
 72156 | Depths:3 | Killed Margery
 72368 | Depths:3 | Found a snail-covered altar of Cheibriados.
 72370 | Depths:3 | Noticed a juggernaut
 72533 | Depths:2 | Reached skill level 10 in Spellcasting
 72688 | Depths:3 | Found the +5 robe of Night {Dark MR+ SInv}
 72912 | Depths:3 | Killed Jory
 73109 | Depths:3 | Killed a juggernaut
 73225 | Depths:3 | Killed Xtahua
 73327 | Depths:3 | Reached skill level 10 in Hexes
 76320 | Depths:4 | Reached XP level 25. HP: 195/195 MP: 37/37
 77445 | Depths:4 | Learned a level 7 spell: Summon Hydra
 77446 | Depths:4 | Voluntarily entered the Abyss.
 77603 | Abyss:1  | Gained mutation: You occasionally shout uncontrollably at
                  | your foes. [a neqoxec]
 77661 | Abyss:2  | Found a corrupted altar of Lugonu.
 77717 | Abyss:2  | Found a corrupted altar of Lugonu.
 78166 | Abyss:3  | Got an abyssal rune of Zot
 78186 | Abyss:4  | Found a corrupted altar of Lugonu.
 78296 | Depths:4 | Escaped the Abyss
 78357 | Depths:5 | Entered Level 5 of the Depths
 78357 | Depths:5 | Found a gateway to a ziggurat.
 80326 | Depths:5 | Found a gate to the Realm of Zot.
 81131 | Vaults:2 | You showed the abyssal rune of Zot to enter a treasure
                  | trove
 81132 | Trove    | Entered a treasure trove
 81149 | Trove    | Identified the ring "Luinwag" {rPois rC++ MR+ AC+6} (You
                  | found it in a treasure trove)
 81151 | Trove    | Identified the ring of Esuagif {+Fly rPois Int+4} (You
                  | found it in a treasure trove)
 81153 | Trove    | Identified the ring "Uvunic" {+Fly EV+4 Dex+6} (You found
                  | it in a treasure trove)
 81156 | Trove    | Identified the ring "Tiyjoysk" {rElec MP+9 Str+3} (You
                  | found it in a treasure trove)
 81160 | Trove    | Identified the ring "Quof" {rPois rF+} (You found it in a
                  | treasure trove)
 81162 | Trove    | Identified the amulet "Tegijel" {*Corrode *Slow +Rage rF+++
                  | rN+} (You found it in a treasure trove)
 81164 | Trove    | Identified the ring of Yfeoh {rPois rN++ Str+3 Int+3 Dex-3}
                  | (You found it in a treasure trove)
 81166 | Trove    | Identified the ring of Pocis {+Fly rF+} (You found it in a
                  | treasure trove)
 81542 | Zot:1    | Entered Level 1 of the Realm of Zot
 82684 | Zot:1    | Reached skill level 23 in Fighting
 82758 | Zot:1    | Reached XP level 26. HP: 193/205 MP: 37/37
 83066 | Zot:1    | Reached skill level 15 in Evocations
 83176 | Zot:1    | Noticed an orb of fire
 83181 | Zot:1    | Gained mutation: You are dopey. (Int -2) [an orb of fire]
 83541 | Zot:1    | Gained mutation: You are clumsy. (Dex -2) [an orb of fire]
 83554 | Zot:1    | Killed an orb of fire
 83996 | Zot:2    | HP: 3/205 [electric golem (12)]
 83996 | Zot:2    | Mangled by a wandering mushroom

Levels and vault maps discovered:
D:1:      saegor_arrival_fortress, layout_basic, minivault_11, minivault_26
D:2:      minmay_diamond_boxcup, layout_loops_cross, grunt_gozag_statues,
          minmay_divided_ellipse, uniq_crazy_yiuf_cottage, uniq_robin,
          uniq_terence
D:3:      layout_rooms
D:4:      layout_cave_pools, serial_bayou_lake_a
D:5:      layout_basic, gammafunk_ghost_gnarly_gnolls, first_ration,
          nicolae_ossuary_entry_giza, uniq_pikel
D:6:      layout_gridville, grunt_temple_overflow_open,
          minmay_temple_entry_tees, gammafunk_ghost_grave
D:7:      layout_basic, serial_bayou, serial_bayou_ford_a,
          serial_bayou_lagoon_a, serial_bayou_pond_d, serial_bayou_pond_b,
          serial_shops, shop, roderic_serpentine_path, small_statue_intersection
D:8:      layout_basic, lemuel_coloured_pillars_altar, serial_ice, serial_ice_b,
          serial_ice_d, serial_ice_i, serial_ice_c, blue_anna_alchemist
          [blue_anna_fruit_fields, blue_anna_fruit_fields],
          minmay_fractal_squares_gapless_5, uniq_prince_ribbit1
D:9:      layout_rooms, lemuel_mausoleum_altar_kikubaaqudgha, serial_shops,
          shop, nicolae_dithmenos_through_a_glass_darkly
D:10:     layout_loops_corners, dpeg_oklobed_lair, gammafunk_ghost_smash
D:11:     layout_loops_corners, david_orc_2, serial_bayou,
          serial_bayou_crossing, serial_bayou_pond_b, serial_bayou_pond_a,
          serial_bayou_pond_a, serial_bayou_pond_b, uniq_harold, uniq_maurice
D:12:     layout_gridville, portal_ice_cave_entry_pillars_2, special_room
          [special_room_bee]
D:13:     layout_grid_maze
D:14:     layout_long_grid, david_vaults_2
D:15:     grunt_enter_depths_magical_seal, layout_irregular_city,
          serial_park_square1 [serial_park_minivault_5x5_4]
Lair:1:   beast_lair_carwin_large_2, layout_misc_corridors, disabler_island
Lair:2:   layout_loops_ring, infiniplex_staircase_pool
Lair:3:   layout_roguey, elwin_shoals_entry_rooms, basic_altar,
          gammafunk_ghost_hive
Lair:4:   layout_regular_city, minmay_snake_entry_guardpost_medium,
          gammafunk_ghost_berserking_beasts, grunt_megastairs_4,
          serial_bayou_shore_a
Lair:5:   minmay_lair_oklob_tunnel, layout_cave_shapes,
          minmay_slime_entry_jelly_boxes, uniq_snorg
Lair:6:   evil_forest, layout_cave_pods, lemuel_old_faithful
Shoals:1: layout_shoals
Shoals:2: layout_shoals
Shoals:3: layout_shoals, uniq_bai_suzhen, uniq_donald
Shoals:4: shoals_end_grunt_garden, layout_shoals, shoals_ilsuiw_ice,
          ldierk_geyser, yaktaur_hedge
Snake:1:  hangedman_cross_veins, layout_chambers, serial_shops, shop,
          uniq_jorgrun
Snake:2:  layout_chambers, minmay_shop_star, uniq_kirke, uniq_asterion
Snake:3:  layout_rooms, uniq_roxanne, uniq_aizul
Snake:4:  snake_pit_salamanders_mu, layout_grid_shapes, st_stairs_8
Orc:1:    cheibrodos_orc_guarddog, layout_caves, gammafunk_ghost_cemetery
Orc:2:    grunt_orc_community_town_hall, layout_caves,
          grunt_orc_community_big_house_2, grunt_orc_community_big_house_2,
          grunt_orc_community_house_3, grunt_orc_community_house_1,
          grunt_orc_community_house_1, grunt_orc_community_house_3,
          grunt_orc_community_house_1
Elf:1:    eino_elf_arrival_customs, layout_gridlike, hangedman_corner_corridor,
          minivault_16, uniq_azrael
Elf:2:    layout_onion_city, serial_shops, shop
Elf:3:    minmay_elf_hall_spiked, layout_geoelf_diagonals, serial_shops,
          nicolae_shop_statue_plus, serial_glass, glass_columns_b,
          glass_columns_a, glass_columns_a, glass_columns_b, glass_columns_b,
          glass_columns_a, feat_on_display, unseen_surprise_small,
          feat_on_display, feat_on_display
Vaults:1: nicolae_vaults_big_angled_halls, vaults_room_hangedman_quadrants,
          nicolae_vaults_yaktaur_gun_rack, vaults_room_hallway,
          vaults_mumra_chevron, vaults_room_semicircle,
          nicolae_vaults_little_squares_4, layout_vaults_quadrants,
          serial_shops, shop
Vaults:2: hangedman_vaults_stagger, nicolae_vaults_fighting_squares,
          minmay_crypt_entry_necro_gods, v_misc_26,
          nicolae_vaults_network_square, vaults_standard_mumra_lines,
          ontoclasm_vaults_chip, nicolae_vaults_little_squares_2,
          nicolae_vaults_big_ls, grunt_vaults_hallway_short,
          layout_vaults_omnibox, serial_shops, nicolae_shop_overgrown_old_shop,
          nicolae_trove_entry_free_sample
Vaults:3: nicolae_vaults_windows_and_doors_thing, grunt_vaults_bifocal,
          vaults_room_ringed_pool, nicolae_vaults_statue_guard,
          hangedman_vaults_variations, nicolae_vaults_circle_grid_a,
          nicolae_vaults_little_squares_5, v_misc_29, nicolae_vaults_triangles,
          grunt_vaults_funnel, v_pattern_4, nicolae_vaults_asterisk,
          layout_vaults_omnicross, serial_shops, shop_statue, nicolae_shop_stone
Vaults:4: gammafunk_vaults_ghost_cemetery, v_misc_28, vaults_room_semicircle,
          vaults_dpeg_diagonal, v_misc_2, vaults_room_large_hall,
          nicolae_vaults_branching_niches, nicolae_vaults_theta,
          vaults_room_hallway, ontoclasm_vaults_fault, vaults_room_semicircle,
          layout_vaults_ring
Depths:1: layout_gridville, grunt_hell_entry_demonic_statue, abyss_entry,
          hangedman_abyss_or_decor_stabs, kennysheep_crisscross, drop_trap,
          hangedman_abyss_or_decor_slice, chequers_serial_rivers_marsh,
          okawaru_ov_weapons_minmay, uniq_mara, uniq_saint_roka
Depths:2: evilmike_diamond_1, layout_cave_pools, nicolae_ashenzari_panopticon,
          hell_entry, rand_demon_pan_entry_4, feat_on_display, minmay_shop_grove
Depths:3: evilmike_lava_path, layout_cross, grunt_pan_entry_sceptre,
          serial_column_ruins, column_ruins_temple_circle,
          column_ruins_open_small, column_ruins_corridor_T, column_ruins_grid_1,
          column_ruins_grid_1, column_ruins_open_small_water, hell_entry,
          minmay_parallelograms, uniq_xtahua, uniq_margery, uniq_jory
Depths:4: hangedman_hanging_gardens, layout_basic, hell_entry, abyss_entry
Depths:5: grunt_zot_entry_bicorn, layout_gridlike, enter_ziggurat_a,
          rand_demon_pan_entry_5, nicolae_two_hexagons, hell_entry
Zot:1:    layout_cathedral_of_symmetry, zot_minivault_4
Zot:2:    kennysheep_ambush_hall, layout_onion

Skill      XL: |  1  2  3  4  5  6  7  8  9 10 11 12 13 14 15 16 17 18 19 20 21 22 23 24 25 26 |
---------------+-------------------------------------------------------------------------------+-----
Staves         | 2 |  2.0
Dodging        | 3 4 5 6 7 9 10 11 12 13 14 15 16 17 | 17.1
Fighting       | 4 5 7 8 9 10 11 12 13 14 16 18 19 20 21 22 23 | 23.1
Shields        | 4 6 7 9 11 12 13 15 | 15.0
Maces & Flails | 4 5 |  5.8
Evocations     | 2 4 5 6 7 9 11 13 14 15 | 15.2
Long Blades    | 3 7 10 13 14 15 16 | 16.6
Spellcasting   | 4 6 7 8 9 10 | 10.9
Charms         | 1 6 |  6.0
Necromancy     | 1 4 |  4.0
Translocations | 3 |  3.0
Hexes          | 2 6 9 11 12 | 12.0
Summonings     | 2 6 9 12 13 14 | 14.0
Polearms       | |  0.9
Throwing       | |  1.0
Stealth        | |  1.3

Action                   |  1- 3 |  4- 6 |  7- 9 | 10-12 | 13-15 | 16-18 | 19-21 | 22-24 | 25-27 || total
-------------------------+-------+-------+-------+-------+-------+-------+-------+-------+-------++-------
Melee: Quarterstaff      |    55 |   115 |   130 |       |       |       |       |       |       ||   300
       Constrict         |    12 |    26 |    68 |   111 |   130 |   181 |   214 |   185 |    69 ||   996
       Tentacles         |     8 |    15 |    72 |   175 |   348 |   344 |   535 |   555 |   283 ||  2335
       Spear             |       |       |    24 |       |       |       |       |       |       ||    24
       Flail             |       |       |   161 |   148 |       |       |       |       |       ||   309
       Scimitar          |       |       |       |   463 |  1133 |  1043 |  1020 |       |       ||  3659
       Double sword      |       |       |       |       |       |       |   414 |  1323 |   612 ||  2349
Throw: Dart              |       |    17 |       |       |    11 |       |       |     2 |       ||    30
 Cast: Regeneration      |       |       |       |       |       |       |    20 |    28 |    29 ||    77
       Blink             |       |       |       |       |       |       |     1 |     4 |     7 ||    12
       Summon Mana Viper |       |       |       |       |       |       |       |       |     4 ||     4
Invok: Call Merchant     |       |       |     1 |       |       |       |       |       |       ||     1
Evoke: Wand              |       |       |       |    10 |    12 |     9 |    18 |     6 |    14 ||    69
       Lamp of fire      |       |       |       |       |       |       |       |       |     1 ||     1
  Use: Scroll            |       |     1 |    13 |    14 |    10 |    11 |    25 |    15 |    26 ||   115
       Potion            |       |       |     6 |     5 |       |     2 |     3 |       |     4 ||    20
 Stab: Sleeping          |     4 |     9 |    12 |    12 |    16 |    14 |    21 |     7 |     2 ||    97
       Paralysed         |       |     1 |     1 |       |       |     2 |       |       |       ||     4
       Confused          |       |       |     2 |       |       |       |       |       |       ||     2
       Distracted        |       |       |       |     8 |     5 |     9 |    15 |    14 |     8 ||    59
       Petrified         |       |       |       |       |     2 |       |       |       |       ||     2
  Eat: Chunk             |     1 |     1 |       |       |       |       |       |       |       ||     2
       Ration            |       |     3 |     6 |     8 |    13 |    14 |    16 |    13 |     8 ||    81
Armor: Skin              |     4 |     7 |    19 |    24 |    13 |    12 |    10 |    16 |    15 ||   120
Dodge: Dodged            |    42 |    84 |   224 |   465 |   374 |   433 |   718 |   641 |   532 ||  3513
       Deflected         |       |       |     4 |    19 |    12 |    22 |    33 |    21 |     9 ||   120
Block: Shield            |       |       |   158 |   642 |   680 |   683 |  1153 |  1032 |   646 ||  4994
       Rpst.: Scimitar   |       |       |       |    69 |    84 |    90 |    95 |       |       ||   338
       Double sword      |       |       |       |       |       |       |    42 |   105 |    68 ||   215

Table legend:
 A = Non-vault XP
 B = Vault XP
 C = Vault XP percentage of total XP
 D = Non-vault monster count
 E = Vault monster count
 F = Vault count percentage of total count
                 A         B        C        D         E       F
            +---------+---------+-------+---------+---------+-------
      Total |  644564 |  499567 |  43.7 |    1296 |     826 |  38.9
            +---------+---------+-------+---------+---------+-------
        D:1 |      40 |      28 |  41.2 |      17 |       5 |  22.7
        D:2 |      63 |     157 |  71.4 |      15 |      33 |  68.8
        D:3 |     204 |       0 |   0.0 |      16 |       0 |   0.0
        D:4 |     479 |       0 |   0.0 |      14 |       0 |   0.0
        D:5 |     318 |    1356 |  81.0 |      11 |      12 |  52.2
        D:6 |     604 |     493 |  44.9 |      18 |       1 |   5.3
        D:7 |    1362 |     103 |   7.0 |      26 |       3 |  10.3
        D:8 |    1577 |     693 |  30.5 |      31 |      14 |  31.1
        D:9 |    1101 |     554 |  33.5 |      21 |      12 |  36.4
       D:10 |    2299 |    3587 |  60.9 |      10 |       7 |  41.2
       D:11 |    2518 |    2414 |  48.9 |      20 |      13 |  39.4
       D:12 |    6887 |    2503 |  26.7 |      41 |      25 |  37.9
       D:13 |    2900 |       0 |   0.0 |      20 |       0 |   0.0
       D:14 |   12752 |    2671 |  17.3 |      32 |       3 |   8.6
       D:15 |   13038 |    8181 |  38.6 |      33 |      12 |  26.7
     Lair:1 |    3523 |    1618 |  31.5 |      16 |       9 |  36.0
     Lair:2 |    1909 |       0 |   0.0 |      10 |       0 |   0.0
     Lair:3 |    4447 |    2411 |  35.2 |       8 |      10 |  55.6
     Lair:4 |    7685 |    4260 |  35.7 |      33 |      12 |  26.7
     Lair:5 |    3157 |    4540 |  59.0 |       9 |      20 |  69.0
     Lair:6 |   14355 |   10612 |  42.5 |      40 |      26 |  39.4
   Shoals:1 |   11565 |       0 |   0.0 |      23 |       0 |   0.0
   Shoals:2 |   11907 |       0 |   0.0 |      25 |       0 |   0.0
   Shoals:3 |   17391 |    6406 |  26.9 |      36 |       2 |   5.3
   Shoals:4 |   15933 |   26042 |  62.0 |      32 |      39 |  54.9
    Snake:1 |   13550 |   13813 |  50.5 |      26 |      21 |  44.7
    Snake:2 |    6708 |    5461 |  44.9 |      15 |       7 |  31.8
    Snake:3 |   26596 |    1794 |   6.3 |      48 |       1 |   2.0
    Snake:4 |    8192 |   49269 |  85.7 |      13 |      68 |  84.0
      Orc:1 |    3338 |    1590 |  32.3 |      38 |       5 |  11.6
      Orc:2 |    2990 |    5929 |  66.5 |      18 |      69 |  79.3
      Elf:1 |   12465 |    9034 |  42.0 |      20 |      20 |  50.0
      Elf:2 |   23828 |   26691 |  52.8 |      43 |      32 |  42.7
      Elf:3 |   19394 |   46625 |  70.6 |      34 |      31 |  47.7
   Vaults:1 |   17667 |    5033 |  22.2 |      40 |       5 |  11.1
   Vaults:2 |   32841 |   19926 |  37.8 |      46 |      37 |  44.6
   Vaults:3 |   33837 |   17827 |  34.5 |      46 |      28 |  37.8
   Vaults:4 |   62817 |   28855 |  31.5 |      85 |      37 |  30.3
   Depths:1 |   22784 |   23226 |  50.5 |      29 |      43 |  59.7
   Depths:2 |   21033 |   42877 |  67.1 |      29 |      27 |  48.2
   Depths:3 |   57066 |   50104 |  46.8 |      72 |      40 |  35.7
   Depths:4 |   41988 |   18577 |  30.7 |      53 |      22 |  29.3
   Depths:5 |   36011 |   24200 |  40.2 |      35 |      18 |  34.0
      Zot:1 |   48714 |   21588 |  30.7 |      25 |      12 |  32.4
      Zot:2 |    3893 |       0 |   0.0 |       3 |       0 |   0.0
    Abyss:1 |    1909 |       0 |   0.0 |       4 |       0 |   0.0
    Abyss:2 |    5602 |    5193 |  48.1 |      12 |       7 |  36.8
    Abyss:3 |       0 |     299 | 100.0 |       0 |       2 | 100.0
    Abyss:4 |    3327 |       0 |   0.0 |       5 |       0 |   0.0
    Ossuary |       0 |     236 | 100.0 |       0 |      26 | 100.0
      IceCv |       0 |    2791 | 100.0 |       0 |      10 | 100.0
            +---------+---------+-------+---------+---------+-------
